 Dungeon Sprint DCSS version 0.28-a0-1412-gf95308ed99 (webtiles) character file.

Game seed: 10119669594456210236

7314 mhtbhm the Tortoise (level 10, 0/104 HPs)
             Began as a Minotaur Fighter on Jan 6, 2022.
             Was an Initiate of Gozag.
             Slain by an ettin (30 damage)
             ... in the Dungeon (Sprint IX: "|||||||||||||||||||||||||||||") on Jan 7, 2022.
             The game lasted 00:02:31 (1937 turns).

mhtbhm the Tortoise (Minotaur Fighter)              Turns: 1937, Time: 00:02:33

Health: 0/104      AC: 20    Str: 29    XL:     10   Next: 90%
Magic:  9/9        EV: 10    Int:  8    God:    Gozag
Gold:   2282       SH:  6    Dex:  9    Spells: 9/9 levels left

rFire   . . .      SeeInvis .   a - +2 rapier (distort)
rCold   . . .      Faith    .   c - +0 buckler
rNeg    . . .      Spirit   .   b - +1 chain mail
rPois   .          Reflect  .   (helmet restricted)
rElec   .          Harm     .   s - +0 cloak
rCorr   .          Rampage  .   t - +0 pair of gloves
Will    .....      NoTele   +   m - +0 pair of boots
Stlth   ..........              (no amulet)
HPRegen 0.27/turn               n - +3 ring of intelligence
MPRegen 0.11/turn               o - +3 ring of strength

@: gold aura
A: horns 2, retaliatory headbutt
a: Renounce Religion, Potion Petition, Call Merchant, Bribe Branch


You were in the Dungeon.
You worshipped Gozag.
Gozag was most pleased with you.
You visited 1 branch You collected 2282 gold pieces.

Inventory:

Hand Weapons
 a - a +2 rapier of distortion (weapon)
Armour
 b - a +1 chain mail (worn)
 c - a +0 buckler (worn)
 m - a +0 pair of boots (worn)
 s - a +0 cloak (worn)
 t - a +0 pair of gloves (worn)
Jewellery
 n - a +3 ring of intelligence (left hand)
 o - a +3 ring of strength (right hand)
Wands
 l - a wand of iceblast (8)
Scrolls
 j - a scroll of enchant weapon
 k - 2 scrolls of amnesia
 p - 3 scrolls of identify
 q - 2 scrolls of enchant armour
 r - 2 scrolls of fear
Potions
 d - 4 potions of heal wounds
 e - 4 potions of curing
 f - 2 potions of mutation
 g - 2 potions of haste
 h - 4 potions of magic
 i - a potion of invisibility


   Skills:
 + Level 14.4 Fighting
 + Level 13.3(15.0) Short Blades
 + Level 12.5(15.3) Long Blades
 + Level 16.5 Armour
 + Level 5.2 Dodging
 + Level 0.2 Stealth
 + Level 12.9 Shields
 + Level 2.0 Evocations


You had 9 spell levels left.
You didn't know any spells.
Your spell library was empty.

Dungeon Overview and Level Annotations

Branches:
Dungeon (1/1)

Altars:
Cheibriados
Dithmenos
Elyvilon
Fedhas
Gozag
Hepliaklqana
Kikubaaqudgha
Makhleb
Nemelex Xobeh
Okawaru
Qazlal
Ru
Sif Muna
Trog
Uskayaw
Vehumet
Wu Jian
Xom
Yredelemnul
Zin
The Shining One
Beogh
Jiyva
Lugonu


Innate Abilities, Weirdness & Mutations

You have a pair of horns on your head.
You reflexively headbutt those who attack you in melee.


Message History

An orc wizard comes into view. It is wielding a +0 dagger.
You hit the ettin. You headbutt the ettin!
The ettin is severely wounded.
You hit the ettin but do no damage.
The ettin is severely wounded.
The ettin blinks!
You hit the orc warrior but do no damage.
Space warps around the orc warrior.
You headbutt the orc warrior, but do no damage.
The orc warrior is lightly wounded.
You hit the orc warrior.
Space warps horribly around the orc warrior!
You headbutt the orc warrior!
The orc warrior is almost dead.
The orc is distracted by your dazzling golden aura.
You block the orc warrior's attack.
You closely miss the orc warrior.
The orc shouts!
Your headbutt misses the orc warrior.
The orc warrior is almost dead.
You closely miss the orc warrior. You headbutt the orc warrior.
You kill the orc warrior!
The orc is no longer distracted by gold.
The ettin misses you. You furiously retaliate!
You headbutt the ettin!
The ettin hits you with a +0 dire flail!!
* * * LOW HITPOINT WARNING * * *
An orc warrior comes into view. It is wielding a +0 glaive.
The orc wizard casts a spell.
The orc wizard flickers and vanishes!
Deactivating autopickup; reactivate with Ctrl-A.
Unknown command.
You completely miss the ettin.
The orc warrior shouts!
You headbutt the ettin, but do no damage.
The ettin is almost dead.
The ettin hits you with a +0 dire flail.
* * * LOW HITPOINT WARNING * * *
The ettin hits you with a +0 dire flail!!
You die...
Your body crumbles into a pile of gold.

▓_▓.▓.▓.▓$
▓_▓.▓.▓.▓o▓
▓_▓.▓.▓.▓{▓
▓_▓.▓.▓.▓$▓
▓'▓.▓.▓.▓o▓
▓.▓.▓[▓.▓o▓
▓.▓.▓|▓.▓$▓
▓.▓.▓.▓.▓o▓
▓.▓.▓.▓.▓@▓
▓.▓.▓.▓.▓C▓
▓)▓.▓.▓.▓.▓
▓≈▓.▓.▓.▓.▓
▓.▓.▓.▓.▓.▓
▓.▓.▓'▓.▓.▓
▓.▓.▓.▓.▓.▓
▓.▓.▓.▓.▓.▓
▓)▓.▓.▓.▓.▓


You could see an ettin, an orc warrior and 3 orcs.

Vanquished Creatures
  A death yak (D)
  A manticore (D)
  2 black mambas (D)
  2 cane toads (D)
  An efreet (D)
  2 komodo dragons (D)
  A wyvern (D)
  A yak (D)
  3 water moccasins (D)
  3 hell hounds (D)
  An orc warrior (D)
  A black bear (D)
  A sky beast (D)
  5 wolves (D)
  A centaur (D)
  A bullfrog (D)
  A howler monkey (D)
  A jelly (D)
  A gnoll shaman (D)
  2 orc wizards (D)
  A ball python (D)
  2 bat zombies (D)
  An endoplasm (D)
  A jackal (D)
  A kobold (D)
  A quokka (D)
  A ball python zombie (D)
40 creatures vanquished.

Vanquished Creatures (others)
  A slime creature (D)
1 creature vanquished.

Grand Total: 41 creatures vanquished

Notes
Turn   | Place    | Note
-------+----------+-------------------------------------------
     0 | D        | mhtbhm the Minotaur Fighter began the quest for the Orb.
     0 | D        | Reached XP level 1. HP: 19/19 MP: 0/0
     7 | D        | Reached skill level 4 in Armour
    32 | D        | Noticed a sky beast
    32 | D        | Noticed a gnoll shaman
    32 | D        | Noticed a centaur
    32 | D        | Noticed a jelly
    36 | D        | Killed a jelly
    37 | D        | Reached skill level 5 in Fighting
    37 | D        | Reached skill level 5 in Armour
    37 | D        | Reached skill level 5 in Shields
    37 | D        | Reached XP level 2. HP: 15/29 MP: 1/1
    37 | D        | Reached XP level 3. HP: 19/36 MP: 2/2
    40 | D        | Killed a centaur
    41 | D        | Reached skill level 5 in Long Blades
    41 | D        | Reached skill level 6 in Armour
    41 | D        | Reached XP level 4. HP: 33/45 MP: 3/3
    42 | D        | Reached skill level 7 in Armour
    42 | D        | Reached XP level 5. HP: 38/52 MP: 4/4
    45 | D        | Killed a sky beast
    46 | D        | Reached skill level 1 in Dodging
    53 | D        | Found a snail-covered altar of Cheibriados.
    53 | D        | Found a shadowy altar of Dithmenos.
    53 | D        | Found a white marble altar of Elyvilon.
    53 | D        | Found a blossoming altar of Fedhas.
    53 | D        | Found an opulent altar of Gozag.
    54 | D        | Found a hazy altar of Hepliaklqana.
    55 | D        | Found a viscous altar of Jiyva.
    56 | D        | Found an ancient bone altar of Kikubaaqudgha.
    57 | D        | Found a corrupted altar of Lugonu.
    58 | D        | Found a burning altar of Makhleb.
    59 | D        | Found a sparkling altar of Nemelex Xobeh.
    60 | D        | Found an iron altar of Okawaru.
    61 | D        | Found a stormy altar of Qazlal.
    62 | D        | Found a sacrificial altar of Ru.
    63 | D        | Found a shimmering blue altar of Sif Muna.
    67 | D        | Became a worshipper of Gozag Ym Sagoz the Greedy
    71 | D        | Found a bloodstained altar of Trog.
    72 | D        | Found a hide-covered altar of Uskayaw.
    73 | D        | Found a radiant altar of Vehumet.
    74 | D        | Found an ornate altar of the Wu Jian Council.
    75 | D        | Found a shimmering altar of Xom.
    76 | D        | Found a basalt altar of Yredelemnul.
    77 | D        | Found a glowing silver altar of Zin.
    78 | D        | Found a glowing golden altar of the Shining One.
   216 | D        | Noticed a wyvern
   216 | D        | Noticed a vampire mosquito
   216 | D        | Noticed a wyvern
   222 | D        | Banished a wyvern
   223 | D        | Reached skill level 9 in Armour
   223 | D        | Reached XP level 6. HP: 54/63 MP: 5/5
   223 | D        | Banished a vampire mosquito
   224 | D        | Reached skill level 1 in Short Blades
   225 | D        | Killed a wyvern
   226 | D        | Reached skill level 10 in Fighting
   226 | D        | Reached skill level 10 in Armour
   226 | D        | Reached XP level 7. HP: 45/72 MP: 6/6
   357 | D        | Noticed a manticore
   357 | D        | Noticed a slime creature
   357 | D        | Noticed a boulder beetle
   357 | D        | Noticed an efreet
   357 | D        | Noticed a cyan ugly thing
   361 | D        | Banished a cyan ugly thing
   362 | D        | Reached skill level 10 in Long Blades
   362 | D        | Reached skill level 11 in Armour
   362 | D        | Reached skill level 10 in Shields
   362 | D        | Reached XP level 8. HP: 59/81 MP: 7/7
   374 | D        | Killed a slime creature
   593 | D        | Killed a manticore
   595 | D        | Killed an efreet
  1145 | D        | Noticed a cane toad
  1145 | D        | Noticed a cane toad
  1145 | D        | Noticed a black mamba
  1147 | D        | Noticed a komodo dragon
  1149 | D        | Killed a black mamba
  1150 | D        | Reached skill level 5 in Short Blades
  1150 | D        | Reached skill level 12 in Armour
  1158 | D        | Banished a cane toad
  1159 | D        | Reached skill level 13 in Armour
  1159 | D        | Reached XP level 9. HP: 85/90 MP: 8/8
  1165 | D        | Killed a cane toad
  1166 | D        | Reached skill level 1 in Evocations
  1180 | D        | Killed a komodo dragon
  1181 | D        | Reached skill level 14 in Armour
  1346 | D        | Noticed a cane toad
  1346 | D        | Noticed a polar bear
  1346 | D        | Noticed a komodo dragon
  1346 | D        | Noticed a polar bear
  1351 | D        | Banished a polar bear
  1352 | D        | Noticed a death yak
  1355 | D        | Noticed a rime drake
  1358 | D        | Killed a komodo dragon
  1359 | D        | Noticed a black mamba
  1363 | D        | Banished a polar bear
  1368 | D        | Reached XP level 10. HP: 57/100 MP: 9/9
  1540 | D        | Reached skill level 10 in Short Blades
  1540 | D        | Reached skill level 15 in Armour
  1549 | D        | Killed a death yak
  1552 | D        | Killed a black mamba
  1555 | D        | Killed a cane toad
  1724 | D        | Reached skill level 16 in Armour
  1798 | D        | Noticed Gastronok
  1824 | D        | Banished Gastronok
  1825 | D        | Reached skill level 5 in Dodging
  1925 | D        | Noticed an ettin
  1937 | D        | Slain by an ettin

Illustrated notes

Levels and vault maps discovered:
D:        linesprint [early_d, line_temple, items_1, d_10, items_2, lair_1,
          lair_end, items_3, orc_1, orc_end, items_4, d_15, swamp_1, shoals_1,
          snake_1, spider_1, d_20, vaults_1, items_5, swamp_end, shoals_end,
          snake_end, spider_end, vaults_end, d_27, items_6, zot_1, zot_end,
          crypt_end, forest_end, elf_end, slime_end, tomb_end, abyss_end,
          pan_hell_end]

Skill      XL: |  1  2  3  4  5  6  7  8  9 10 |
---------------+-------------------------------+-----
Fighting       | 5 6 7 9 10 11 12 14 | 14.4
Armour         | 5 6 7 9 10 11 13 14 16 | 16.5
Shields        | 5 6 8 9 10 11 12 | 12.9
Long Blades    | 4 5 6 8 9 10 12 | 12.5
Dodging        | 1 2 3 4 5 |  5.2
Short Blades   | 2 3 6 9 13 | 13.3
Evocations     | 1 2 |  2.0
Stealth        | |  0.2

Action                   |  1- 3 |  4- 6 |  7- 9 | 10-12 || total
-------------------------+-------+-------+-------+-------++-------
Melee: Long sword        |    20 |     6 |       |       ||    26
       Headbutt          |     1 |       |    23 |    22 ||    46
       Rapier            |       |     9 |    84 |    67 ||   160
Evoke: Wand              |       |       |     2 |       ||     2
  Use: Potion            |     1 |       |     6 |       ||     7
       Scroll            |       |       |     2 |       ||     2
Armor: Scale mail        |    11 |     2 |       |       ||    13
       Chain mail        |       |     8 |    20 |     7 ||    35
Dodge: Dodged            |     7 |     4 |    22 |    16 ||    49
Block: Buckler           |     7 |     4 |    15 |     8 ||    34

Table legend: (Time is in decaauts)
 A = Elapsed time spent in this place.
 B = Non-inter-level travel time spent in this place.
 C = Inter-level travel time spent in this place.
 D = Time resting spent in this place.
 E = Time spent auto-exploring this place.
 F = Levels seen in this place.
 G = Mean time per level.
                   A        B        C        D        E       F      G
               +--------+--------+--------+--------+--------+-----+--------+
         Total |   1905 |   1905 |      0 |   1254 |    204 |   1 | 1905.0 |
       Dungeon |   1905 |   1905 |      0 |   1254 |    204 |   1 | 1905.0 |
               +--------+--------+--------+--------+--------+-----+--------+

Top non-repeatable levels by time:
       D: 1905 daAuts
